 Dungeon Crawl Stone Soup version 0.31-a0-187-gba352fbbf7 (webtiles) character file.

Game seed: 15729773201475662958

4344 funkygono the Cleaver (level 10, -18/84 HPs)
             Began as a Minotaur Fighter on June 22, 2023.
             Was a Priest of Okawaru.
             Demolished by an orc warlord
             ... wielding a +5 battleaxe
              (21 damage)
             ... in a bailey.
             The game lasted 00:13:44 (7002 turns).

funkygono the Cleaver (Minotaur Fighter)            Turns: 7002, Time: 00:13:44

Health: -18/84     AC: 26    Str: 25    XL:     10   Next: 12%
Magic:  7/9        EV: 16    Int:  5    God:    Okawaru [***...]
Gold:   529        SH:  6    Dex: 10    Spells: 9/9 levels left

rFire   . . .        a - +2 war axe (protect)
rCold   . . .        c - +0 buckler
rNeg    . . .        u - +0 chain mail
rPois   +            E - +2 hat
rElec   .            H - +0 cloak
rCorr   .            (no gloves)
SInv    .            i - +1 pair of boots
Will    .....        k - amulet of the acrobat Stlth
                     s - +5 ring of evasion
HPRegen 0.34/turn    o - ring of poison resistance
MPRegen 0.11/turn

%: acrobat
@: heroic, under a protective aura, studying Short Blades
A: horns 2, retaliatory headbutt
a: Renounce Religion, Heroism


You were in a bailey.
You worshipped Okawaru.
Okawaru was most pleased with you.
You visited 1 branch of the dungeon, and saw 8 of its levels.
You also visited: Bailey.

You collected 529 gold pieces.

Inventory:

Hand Weapons
 a - a +2 war axe of protection (weapon)
Missiles
 e - 5 stones
 n - 35 boomerangs (quivered)
 r - 15 poisoned darts
 x - 4 javelins
Armour
 c - a +0 buckler (worn)
 i - a +1 pair of boots (worn)
 q - a scarf of invisibility
 u - a +0 chain mail (worn)
 E - a +2 hat (worn)
 H - a +0 cloak (worn)
Jewellery
 d - an amulet of guardian spirit
 j - a ring of protection from cold
 k - an amulet of the acrobat (around neck)
 o - a ring of poison resistance (right hand)
 s - a +5 ring of evasion (left hand)
 C - a ring of positive energy
 F - a ring of see invisible
Wands
 h - a wand of polymorph (16)
 y - a wand of acid (8)
 z - a wand of mindburst (5)
Scrolls
 b - a scroll of amnesia
 m - 5 scrolls of teleportation
 A - a scroll of fear
 B - a scroll of fog
 J - a scroll of blinking
 K - a scroll of enchant armour
Potions
 f - 3 potions of enlightenment
 g - 2 potions of cancellation {unknown}
 l - 4 potions of heal wounds {unknown}
 p - 3 potions of attraction
 v - 4 potions of brilliance {unknown}
 w - 3 potions of haste
 D - 2 potions of magic {unknown}
 G - a potion of resistance {unknown}
 I - 2 potions of invisibility {unknown}


   Skills:
 + Level 6.9(11.9) Fighting
 + Level 12.6(17.6) Axes
 + Level 3.2(8.2) Throwing
 + Level 8.5(13.5) Armour
 + Level 3.8(8.8) Dodging
 + Level 1.1(6.1) Stealth
 + Level 5.8(10.8) Shields


You had 9 spell levels left.
You didn't know any spells.
Your spell library contained the following spells:

 Spells                   Type           Power      Damage    Failure   Level
 Cigotuvi's Dreadful Rot  Necr/Pois/Air  0%         N/A       97%         2
 Ozocubu's Armour         Ice            0%         N/A       100%        3
 Portal Projectile        Hex/Tloc       0%         N/A       100%        3
 Dispel Undead            Necr           0%         3d6       100%        4
 Blade Hands              Tmut           0%         N/A       100%        5
 Ozocubu's Refrigeration  Ice            0%         4d7       100%        7
 Tukima's Dance           Hex            Unusable   N/A       N/A         3
 Death Channel            Necr           Unusable   N/A       N/A         6

Dungeon Overview and Level Annotations

Branches:
Dungeon (8/15)             Temple (0/1) D:4          Bailey (1/1)
   Lair: D:8-11

Altars:
Ashenzari
Cheibriados
Hepliaklqana
Kikubaaqudgha
Nemelex Xobeh
Okawaru
Yredelemnul
The Shining One

Shops:
D:2 *   D:6 =


Innate Abilities, Weirdness & Mutations

You have a pair of horns on your head.
You reflexively headbutt those who attack you in melee.


Message History

The orc warlord is moderately wounded.
The orc warlord hits you with a +5 battleaxe!
You closely miss the orc warlord. You headbutt the orc warlord!
The orc warlord is moderately wounded.
You block the orc warlord's attack.
You hit the orc warlord but do no damage.
You headbutt the orc warlord.
The orc warlord is moderately wounded.
You hit the orc warlord but do no damage.
The orc warlord is moderately wounded.
The orc warlord hits you with a +5 battleaxe!
You hit the orc warlord.
The orc warlord is moderately wounded.
The orc warlord hits you with a +5 battleaxe!
* * * LOW HITPOINT WARNING * * *
You slash the orc warlord!
You headbutt the orc warlord, but do no damage.
The orc warlord is heavily wounded.
The orc warlord hits you with a +5 battleaxe.
* * * LOW HITPOINT WARNING * * *
You feel better. The orc warlord closely misses you.
You feel better.
The orc warlord hits you with a +5 battleaxe!
You gain the combat prowess of a mighty hero.
The orc warlord hits you with a +5 battleaxe!!
* * * LOW HITPOINT WARNING * * *
You hit the orc warlord.
The orc warlord is heavily wounded.
The orc warlord closely misses you. You furiously retaliate!
You headbutt the orc warlord! You slash the orc warlord!
The orc warlord is severely wounded.
You feel better. The orc warlord closely misses you.
You feel better.
The orc warlord hits you with a +5 battleaxe!
* * * LOW HITPOINT WARNING * * *
You hit the orc warlord.
The orc warlord is severely wounded.
The orc warlord hits you with a +5 battleaxe!!
You die...

#..8..8.......†.....8..8..#
#.........................#
##.....)####...####......##
♣##...)##~~#####~~##)...##♣
♣.##..)#~[!8...8!:~#...##.♣
♣♣..###)#~.........~#'###..♣♣
♣...~~~.#~..8...8..~#.~~~...♣
♣♣...~~~.##.....o...##.~~~...♣♣
♣∩...~~~.#~....∩@...~#))~~...∩♣
♣♣...~~~.#~.........~#))~~...♣♣
♣...~~~.#~~.8...8.~~#.~~~...♣
♣♣..###'###.......###†###).♣♣
♣.##....#~.8...8.~#....##.♣
♣##.....#~~~~~~~~~#.....##♣
##......####~~~####......##
#...8......#'''#......8...#
#.........................#


You could see an orc warlord.

Vanquished Creatures
  Pikel (D:7)
  Maurice (D:8)
  Joseph (D:8)
  Sigmund (D:2)
  A steam dragon (D:3)
  3 ice beasts
  4 orc warriors (Bailey)
  A sky beast (D:6)
  A black bear (D:3)
  2 ogres
  A centaur (D:7)
  A phantom (D:3)
  A kobold brigand (D:4)
  2 bullfrogs
  A scorpion (D:5)
  15 wights
  A howler monkey (D:6)
  3 hounds
  2 orc priests (D:7)
  Ijyb (D:3)
  Terence (D:3)
  3 sleepcaps
  2 iguanas
  4 orc wizards
  Robin (D:2)
  5 adders
  4 gnolls
  2 white imps
  An ufetubus (D:5)
  3 worms
  2 dart slugs (D:2)
  33 orcs
  5 bats
  6 endoplasms
  6 giant cockroaches
  27 goblins
  15 hobgoblins
  7 jackals
  3 quokkas
  2 training dummies (D:7)
  6 ball pythons
  3 frilled lizards
  15 kobolds
  5 rats
205 creatures vanquished.

Notes
Turn   | Place    | Note
-------+----------+-------------------------------------------
     0 | D:1      | funkygono the Minotaur Fighter began the quest for the Orb.
     0 | D:1      | Reached XP level 1. HP: 19/19 MP: 0/0
   190 | D:1      | Reached XP level 2. HP: 21/27 MP: 1/1
   668 | D:2      | Identified the +2 helmet "Mutwod" {Harm rN++ Will- Str+3}
   668 | D:2      | Noticed Robin
   686 | D:1      | Reached XP level 3. HP: 17/33 MP: 2/2
   762 | D:1      | Reached skill level 3 in Axes
   817 | D:2      | Killed Robin
   972 | D:2      | Found Wusoez's General Store.
   986 | D:2      | Reached XP level 4. HP: 37/40 MP: 3/3
  1132 | D:2      | Noticed Sigmund
  1144 | D:2      | Killed Sigmund
  1145 | D:2      | Reached skill level 4 in Axes
  1145 | D:2      | Reached skill level 5 in Armour
  1145 | D:2      | Reached skill level 1 in Dodging
  1145 | D:2      | Reached XP level 5. HP: 26/46 MP: 4/4
  1325 | D:2      | Found an ancient bone altar of Kikubaaqudgha.
  1595 | D:3      | Found an iron altar of Okawaru.
  1597 | D:3      | Noticed a steam dragon
  1600 | D:3      | Noticed a phantom
  1651 | D:3      | Reached skill level 5 in Axes
  1769 | D:3      | Noticed a black bear
  1777 | D:3      | Killed a black bear
  1778 | D:3      | Reached XP level 6. HP: 50/53 MP: 5/5
  1844 | D:3      | Found a transporter.
  1850 | D:3      | Found a transporter.
  2103 | D:3      | Found a faded altar of an unknown god.
  2163 | D:3      | Noticed Terence
  2178 | D:3      | Killed Terence
  2314 | D:3      | Noticed Ijyb
  2322 | D:3      | Killed Ijyb
  2479 | D:3      | Reached skill level 6 in Axes
  2479 | D:3      | Reached XP level 7. HP: 25/60 MP: 6/6
  2480 | D:3      | Killed a steam dragon
  2659 | D:3      | Became a worshipper of Warmaster Okawaru
  2965 | D:4      | Found a staircase to the Ecumenical Temple.
  3039 | D:4      | Identified the +3 leather armour of Eternity {Rampage rElec
                  | Str+3}
  3117 | D:4      | Found a broken altar of Ashenzari.
  3601 | D:5      | Entered Level 5 of the Dungeon
  3633 | D:5      | Reached skill level 5 in Fighting
  3633 | D:5      | Reached skill level 7 in Axes
  3679 | D:5      | Reached skill level 5 in Shields
  3782 | D:5      | Reached XP level 8. HP: 68/68 MP: 7/7
  3793 | D:5      | Found a snail-covered altar of Cheibriados.
  4006 | D:5      | Reached * piety under Okawaru
  4302 | D:5      | Reached skill level 8 in Axes
  4643 | D:6      | Reached skill level 9 in Axes
  4762 | D:6      | Found a hazy altar of Hepliaklqana.
  4825 | D:6      | Reached skill level 10 in Axes
  4989 | D:6      | Reached ** piety under Okawaru
  5237 | D:6      | Found Tiojups's Jewellery Shoppe.
  5606 | D:7      | Reached XP level 9. HP: 73/75 MP: 8/8
  5617 | D:7      | Noticed Pikel
  5625 | D:7      | Killed Pikel
  5626 | D:7      | Reached skill level 1 in Throwing
  5626 | D:7      | Reached skill level 1 in Stealth
  5672 | D:7      | Reached skill level 11 in Axes
  5740 | D:7      | Found a glowing golden altar of the Shining One.
  5751 | D:7      | Found a basalt altar of Yredelemnul.
  5753 | D:7      | Noticed a profane servitor
  6249 | D:7      | Noticed an angel
  6366 | D:8      | Noticed Joseph
  6381 | D:8      | Killed Joseph
  6387 | D:8      | Found a sparkling altar of Nemelex Xobeh.
  6402 | D:8      | Reached *** piety under Okawaru
  6501 | D:8      | Noticed Maurice
  6544 | D:8      | Killed Maurice
  6545 | D:8      | Reached skill level 12 in Axes
  6590 | D:8      | Reached XP level 10. HP: 81/84 MP: 9/9
  6607 | D:8      | Found a flagged portal.
  6622 | Bailey   | Entered a bailey
  6632 | Bailey   | Noticed an orc warlord
  6886 | Bailey   | Found a runed translucent gate.
  6887 | Bailey   | Found a runed translucent gate.
  6889 | Bailey   | Found a runed translucent gate.
  7001 | Bailey   | HP: 2/84 [orc warlord/+5 battleaxe (14)]
  7002 | Bailey   | Demolished by an orc warlord

Illustrated notes

Levels and vault maps discovered:
D:1:      minmay_arrival_stair_chambers, layout_loops_ring
D:2:      layout_rooms, serial_curves, eino_curves_03, eino_curves_01,
          eino_curves_01, eino_curves_03, basic_altar, serial_shops, shop,
          minmay_split_cup_large, uniq_robin, uniq_sigmund
D:3:      kennysheep_goblin_castle, layout_basic,
          gammafunk_temple_overflow_arena, shapermc_ecumenical_altar_hornbeckon,
          uniq_terence
D:4:      layout_loops_ring, lemuel_tele_altar, minmay_temple_entry_trees,
          grunt_ministairs_15, minmay_manual_mess
D:5:      layout_cave_pods, lemuel_doored_altar
D:6:      layout_loops_ring, mainiacjoe_overflow_six_doors_small,
          minmay_misc_feat_ornament, nicolae_stop_n_shop_2, minmay_crystal_room,
          chequers_serial_rivers_large_a
D:7:      dreamdust_elfheim, layout_cave_pools, grunt_temple_overflow_holy_war,
          uniq_pikel
D:8:      layout_basic, amcnicky_altar_gilded, enter_bailey_4, uniq_maurice,
          uniq_joseph
Bailey:   bailey_axe_bossmonster_kennysheep, bailey

Skill      XL: |  1  2  3  4  5  6  7  8  9 |
---------------+----------------------------+-----
Armour         | 4 5 6 7 8 |  8.5
Shields        | 4 5 |  5.8
Axes           | 3 4 5 6 7 10 12 | 12.6
Fighting       | 4 5 6 |  6.9
Dodging        | 1 2 3 |  3.8
Throwing       | 3 |  3.2
Stealth        | 1 |  1.1

Action                     |  1- 3 |  4- 6 |  7- 9 | 10-12 || total
---------------------------+-------+-------+-------+-------++-------
  Melee: War axe           |    63 |    77 |   258 |    64 ||   462
         Headbutt          |     5 |     9 |    46 |    12 ||    72
  Throw: Stone             |       |       |    39 |    16 ||    55
         Boomerang         |       |       |       |    10 ||    10
 Invoke: Heroism           |       |       |       |     2 ||     2
    Use: Scroll            |     3 |     3 |    13 |     1 ||    20
         Potion            |       |     1 |       |     4 ||     5
 Armour: Scale mail        |    44 |    19 |       |       ||    63
         Chain mail        |       |    40 |   113 |     9 ||   162
  Dodge: Dodged            |    50 |    72 |   145 |    42 ||   309
  Block: Buckler           |    22 |    25 |    45 |    11 ||   103

Table legend: (Time is in decaauts)
 A = Elapsed time spent in this place.
 B = Non-inter-level travel time spent in this place.
 C = Inter-level travel time spent in this place.
 D = Time resting spent in this place.
 E = Time spent auto-exploring this place.
 F = Levels seen in this place.
 G = Mean time per level.
                   A        B        C        D        E       F      G
               +--------+--------+--------+--------+--------+-----+--------+
         Total |   7080 |   6933 |    147 |    247 |   4956 |   9 |  786.7 |
       Dungeon |   6702 |   6555 |    147 |    247 |   4809 |   8 |  837.8 |
        Bailey |    377 |    377 |      0 |      0 |    147 |   1 |  377.0 |
               +--------+--------+--------+--------+--------+-----+--------+

Top non-repeatable levels by time:
     D:3: 1261 daAuts
     D:6: 961 daAuts
     D:5: 940 daAuts
     D:4: 908 daAuts
     D:7: 830 daAuts
     D:1: 818 daAuts
     D:2: 673 daAuts
  Bailey: 377 daAuts
     D:8: 307 daAuts
